 Dungeon Sprint DCSS version 0.20-a0-540-ge6d1839 (webtiles) character file.

65786 dvd the Shatterer (level 13, -15/231 HPs)
             Began as a Troll Berserker on Jan 29, 2017.
             Was the Champion of Trog.
             Demolished by dvd's illusion (19 damage)
             ... woven by Mara
             ... in the Dungeon (Sprint III: "The Ten Rune Challenge").
             The game lasted 00:32:28 (5180 turns).

dvd the Shatterer (Troll Berserker)                 Turns: 5180, Time: 00:32:30

Health: -15/231    AC: 11    Str: 33      XL:     13   Next: 60%
Magic:  0/12       EV: 18    Int:  4 (5)  God:    Trog [******]
Gold:   1214       SH:  0    Dex: 13      Spells: 12/12 levels left

rFire    + . .     SeeInvis +   a - +11 great mace of Dishonesty {crush, -Tele rF+ MR+ SInv}
rCold    + . .     Gourm    +   x - +2 robe
rNeg     + . .     Faith    .   (shield currently unavailable)
rPois    .         Spirit   +   C - +1 hat
rElec    +         Reflect  .   q - +0 cloak
rCorr    .         Harm     .   (gloves unavailable)
MR       +++..     Rnd*Rage +   (boots unavailable)
Stlth    .......... NoTele   +  r - amulet of guardian spirit
Regen    0.9/turn               (no ring)
                                n - ring of positive energy

@: berserking, very quick
A: unfitting armour, claws 3, horns 1, iridescent scales 1, berserk 1, clever 1,
cold resistance 1, deterioration 1, fast metabolism 3, gourmand, magic
resistance 2, regeneration 1, shaggy fur 1, electricity resistance, tough skin 2
}: 2/10 runes: decaying, barnacled
a: Berserk, Trog's Hand, Brothers in Arms, Burn Spellbooks, Renounce Religion


You were in the Dungeon.
You worshipped Trog.
Trog was exalted by your worship.
You were very hungry.

You visited 1 branch You collected 2123 gold pieces.
You spent 909 gold pieces at shops.

Inventory:

Hand Weapons
 a - the +11 great mace of Dishonesty (weapon) {crush, -Tele rF+ MR+ SInv}
   (Trog gifted it to you in the Dungeon)

   It inflicts extra damage upon your enemies.
   It protects you from fire.
   It affects your resistance to hostile enchantments.
   It lets you see invisible.
   It prevents most forms of teleportation.
 k - a +4 antimagic broad axe
 v - the +6 longbow of Nusiwn {freeze, rPois}
   (Trog gifted it to you in the Dungeon)

   It causes projectiles fired from it to freeze those they strike, causing
   extra injury to most foes and up to half again as much damage against
   particularly susceptible opponents.
   They can also slow down cold-blooded creatures.
   It protects you from poison.
 z - a +8 great mace of protection
 D - a +7 antimagic giant spiked club
 E - the +7 giant club of the Ghost {flame, rElec MR+}
   (Trog gifted it to you in the Dungeon)

   It has been specially enchanted to burn those struck by it, causing extra
   injury to most foes and up to half again as much damage against particularly
   susceptible opponents.
   It insulates you from electricity.
   It affects your resistance to hostile enchantments.
 F - a +7 eveningstar of protection
Missiles
 b - 7 throwing nets
 j - 113 stones
 A - 4 javelins (quivered)
Armour
 q - a +0 cloak (worn)
 u - a +0 shield of reflection
 x - a +2 robe (worn)
 C - a +1 hat (worn)
Jewellery
 n - a ring of positive energy (left claw)
 r - an amulet of guardian spirit (around neck)
 y - an uncursed ring of fire
 H - an uncursed amulet of magic regeneration
Wands
 l - a wand of scattershot (7/9)
Scrolls
 i - a scroll of blinking
 m - 6 scrolls of identify
Potions
 d - 4 potions of curing
 e - 4 potions of heal wounds
 f - a potion of haste
 g - 2 potions of magic
 h - a potion of berserk rage
 p - 3 potions of flight
 w - a potion of might
 B - 2 potions of agility
Miscellaneous
 t - a box of beasts
 K - 2 phantom mirrors
Comestibles
 c - 3 bread rations
 o - 26 royal jellies
 s - 13 fruits


   Skills:
 + Level 16.3 Fighting
 + Level 21.5 Maces & Flails
 + Level 2.3 Throwing
 + Level 14.1 Dodging
 + Level 5.9 Stealth
 + Level 0.4 Evocations


You had 12 spell levels left.
You didn't know any spells.

Dungeon Overview and Level Annotations

Branches:
Dungeon (1/1)

Altars:
Cheibriados
Dithmenos
Elyvilon
Fedhas
Gozag
Hepliaklqana
Kikubaaqudgha
Makhleb
Nemelex Xobeh
Okawaru
Qazlal
Ru
Sif Muna
Trog
Uskayaw
Vehumet
Xom
Yredelemnul
Zin
The Shining One
Beogh
Jiyva
Lugonu

Shops:
D (}!*?}(=%?(((!}}:![

Annotations:
D Mara


Innate Abilities, Weirdness & Mutations

You are too large for most types of armour.
You have claws for hands.
Your metabolism is lightning-fast.
You like to eat raw meat.
Your natural rate of healing is unusually fast.
You are covered in fur. (AC +1)
You have very tough skin. (AC +2)
You have a pair of small horns on your head.
You are partially covered in iridescent scales. (AC +2)
You tend to lose your temper in combat.
Your mind is acute. (Int +2)
Your flesh is cold resistant. (rC+)
Your body sometimes deteriorates upon taking damage.
You are highly resistant to hostile enchantments. (MR++)
You are resistant to electric shocks. (rElec)


Message History

You flatten Mara like a pancake!!! Your headbutt misses Mara.
Mara is severely wounded.
Mara hits you with a demon blade of electrocution!!
Mara barely misses you.
You hit Mara but do no damage. Your headbutt misses Mara.
Mara is severely wounded.
The vampire knight hits you with a great sword!
The vampire knight barely misses you. Dvd's illusion hits you!!!
Your body deteriorates!
You feel dopey.
You bludgeon Mara!!
Mara is almost dead.
Mara gestures at you.
The bolt of fire hits Mara.
Mara resists.
The bolt of fire misses you.
The bolt of fire hits the plant.
Mara hits you but does no damage.
Mara hits you with a demon blade of electrocution!!
You completely miss Mara.
Mara is almost dead.
Dvd's illusion hits you!!!
* * * LOW HITPOINT WARNING * * *
You die...

§.≈♣
#.........#.⌠..⌠.#)....#####
§P≈♣
#########.#......#######
§§P♣ #.#.#.#§#§§......# §§∩♣
#.......§§§......# ♣♣♣♣
#......§§§.......#
###'############## ##...##
#≈§§§§≈### ##..)..##
#)@≈P≈#.#
#.......###R@RP≈#.▓
+.......'.R..V....▓
#.......#####.P≈#.▓
##.....## #P≈#.▓ ##...##
#+##▓ ##+##


You could see 3 Maras, a vampire knight (invisible) and dvd's illusion
(berserk).

Vanquished Creatures
  the Lernaean hydra (D)
  A kraken (D)
  Frances (D)
  Donald (D)
  2 dire elephants (D)
  A vampire knight (D)
  A fire dragon (D)
  Erolcha (D)
  A hydra (D)
  An alligator snapping turtle (D)
  2 centaur warriors (D)
  4 dancing weapons (D)
  4 death yaks (D)
  Urug (D)
  An orange crystal statue (D)
  A death drake (D)
  3 swamp dragons (D)
  A lindwurm (D)
  A deep elf mage (D)
  2 ugly things (D)
  4 crystal guardians (D)
  2 elephants (D)
  2 black mambas (D)
  4 statues (D)
  2 spiny frogs (D)
  A molten gargoyle (D)
  A rime drake (D)
  A komodo dragon (D)
  A queen bee (D)
  4 spriggan defenders (D)
  A slime creature (D)
  2 tyrant leeches (D)
  3 snapping turtles (D)
  8 blink frogs (D)
  A hornet (D)
  5 redbacks (D)
  A shadow (D)
  A spatial vortex (D)
  A hydra simulacrum (D)
  3 wandering mushrooms (D)
  3 swamp drakes (D)
  A necrophage (D)
  A black mamba simulacrum (D)
  5 two-headed ogres (D)
  A water elemental (D)
  28 killer bees (D)
  A jelly (D)
  4 orc priests (D)
  A wizard (D)
  A necromancer (D)
  A wolf simulacrum (D)
  A kobold demonologist (D)
  2 humans (D)
  2 oozes (D)
  A phantom (D)
  2 rats (D)
  2 ballistomycetes (D)
  A ballistomycete spore (D)
  4 plants (D)
  2 tentacles (D)
143 creatures vanquished.

Vanquished Creatures (collateral kills)
  Rupert (D)
  Gastronok (D)
  An alligator snapping turtle (D)
  An orc high priest (D)
  A spriggan druid (D)
  A snapping turtle (D)
  2 spriggans (D)
  A human (D)
  A hydra simulacrum (D)
  3 orc warriors (D)
  4 killer bees (D)
  3 orc priests (D)
  An orc wizard (D)
  10 orcs (D)
  2 tentacles (D)
33 creatures vanquished.

Vanquished Creatures (others)
  2 draconian scorchers (D)
  2 hydras (D)
  6 hellions (D)
  3 yaktaurs (D)
  An electric eel (D)
  A fungus (D)
  3 plants (D)
  18 tentacles (D)
36 creatures vanquished.

Grand Total: 212 creatures vanquished

Notes
Turn   | Place    | Note
-------+----------+-------------------------------------------
     0 | D        | dvd the Troll Berserker began the quest for the Orb.
     0 | D        | Reached XP level 1. HP: 22/22 MP: 0/0
    14 | D        | Reached skill level 3 in Maces & Flails
    20 | D        | Reached XP level 2. HP: 24/31 MP: 1/1
    53 | D        | Reached ** piety under Trog
    74 | D        | Killed a hellion
    75 | D        | Killed a hellion
    75 | D        | Killed a hellion
    89 | D        | Killed a yaktaur
    93 | D        | Reached skill level 4 in Maces & Flails
    93 | D        | Reached XP level 3. HP: 17/37 MP: 2/2
   109 | D        | Killed a hellion
   117 | D        | Killed a yaktaur
   135 | D        | Killed a hellion
   147 | D        | Killed a hellion
   155 | D        | Killed a white draconian scorcher
   166 | D        | Killed a white draconian scorcher
   197 | D        | Gained mutation: You tend to lose your temper in combat. [potion of mutation]
   197 | D        | Gained mutation: Your body sometimes deteriorates upon taking damage. [potion of mutation]
   197 | D        | Gained mutation: Your flesh is cold resistant. (rC+) [potion of mutation]
   198 | D        | Gained mutation: You are partially covered in iridescent scales. (AC +2) [potion of mutation]
   198 | D        | Gained mutation: You have a pair of small horns on your head. [potion of mutation]
   198 | D        | Gained mutation: You are resistant to hostile enchantments. (MR+) [potion of mutation]
   227 | D        | Noticed a water elemental
   234 | D        | Killed a water elemental
   234 | D        | Reached *** piety under Trog
   234 | D        | Reached skill level 5 in Maces & Flails
   234 | D        | Reached XP level 4. HP: 46/49 MP: 3/3
   268 | D        | Found a glowing silver altar of Zin.
   268 | D        | Found a glowing golden altar of the Shining One.
   268 | D        | Found a white marble altar of Elyvilon.
   277 | D        | Noticed a deep elf mage
   281 | D        | Killed a deep elf mage
   281 | D        | Reached skill level 9 in Maces & Flails
   281 | D        | Reached XP level 5. HP: 62/62 MP: 4/4
   281 | D        | Reached XP level 6. HP: 71/71 MP: 5/5
   281 | D        | Reached XP level 7. HP: 78/78 MP: 6/6
   319 | D        | Found a radiant altar of Vehumet.
   319 | D        | Found a deep blue altar of Sif Muna.
   319 | D        | Found an ancient bone altar of Kikubaaqudgha.
   322 | D        | Reached **** piety under Trog
   332 | D        | Reached ***** piety under Trog
   346 | D        | Found a hide-covered altar of Uskayaw.
   346 | D        | Found a roughly hewn altar of Beogh.
   346 | D        | Found an iron altar of Okawaru.
   346 | D        | Found a bloodstained altar of Trog.
   346 | D        | Noticed a human
   347 | D        | Noticed a human
   361 | D        | Killed a human
   361 | D        | Killed a human
   361 | D        | Reached skill level 10 in Maces & Flails
   429 | D        | Found a basalt altar of Yredelemnul.
   429 | D        | Found a shadowy altar of Dithmenos.
   429 | D        | Found a sacrificial altar of Ru.
   484 | D        | Noticed a shadow
   488 | D        | Killed a shadow
   491 | D        | Reached XP level 8. HP: 88/88 MP: 7/7
   525 | D        | Found a blossoming altar of Fedhas.
   525 | D        | Found a stormy altar of Qazlal.
   525 | D        | Found a snail-covered altar of Cheibriados.
   525 | D        | Found a burning altar of Makhleb.
   525 | D        | Found a shimmering altar of Xom.
   526 | D        | Found a hazy altar of Hepliaklqana.
   526 | D        | Found an opulent altar of Gozag.
   526 | D        | Found a sparkling altar of Nemelex Xobeh.
   526 | D        | Found a corrupted altar of Lugonu.
   526 | D        | Found a viscous altar of Jiyva.
   537 | D        | Reached skill level 11 in Maces & Flails
   621 | D        | Noticed an orc high priest
   625 | D        | Received a gift from Trog
   626 | D        | Got a warped longbow {god gift}
   627 | D        | Identified the +6 longbow of Nusiwn {freeze, rPois} (Trog gifted it to you in the Dungeon)
   629 | D        | Killed an orc high priest
   629 | D        | Reached skill level 12 in Maces & Flails
   631 | D        | Reached ****** piety under Trog
   659 | D        | Found Rexyhan's Assorted Antiques.
   698 | D        | Bought a bone ring for 105 gold pieces
   729 | D        | Noticed a two-headed ogre
   745 | D        | Killed a two-headed ogre
   745 | D        | Received a gift from Trog
   745 | D        | Reached XP level 9. HP: 8/100 MP: 8/8
   887 | D        | Noticed a two-headed ogre
   887 | D        | Noticed Erolcha
   897 | D        | Killed Erolcha
   897 | D        | Reached skill level 10 in Fighting
   897 | D        | Reached skill level 13 in Maces & Flails
   901 | D        | Killed a two-headed ogre
   959 | D        | Reached skill level 10 in Dodging
  1070 | D        | Reached skill level 14 in Maces & Flails
  1152 | D        | Noticed a queen bee
  1169 | D        | Received a gift from Trog
  1170 | D        | Got a brightly glowing great mace {god gift}
  1171 | D        | Identified the +11 great mace of Dishonesty {crush, -Tele rF+ MR+ SInv} (Trog gifted it to you in the Dungeon)
  1183 | D        | Killed a queen bee
  1183 | D        | Reached XP level 10. HP: 63/111 MP: 3/9
  1185 | D        | Received a gift from Trog
  1302 | D        | Received a gift from Trog
  1305 | D        | Reached skill level 1 in Stealth
  1371 | D        | Received a gift from Trog
  1587 | D        | Reached skill level 15 in Maces & Flails
  1612 | D        | Killed a five-headed hydra
  1663 | D        | Noticed Donald
  1663 | D        | Noticed Frances
  1669 | D        | Killed Donald
  1669 | D        | Received a gift from Trog
  1675 | D        | Noticed a rust devil
  1677 | D        | Killed Frances
  1677 | D        | Reached skill level 16 in Maces & Flails
  1833 | D        | Noticed a spiny frog
  1833 | D        | Noticed a spiny frog
  1834 | D        | Killed a spiny frog
  1837 | D        | Killed a spiny frog
  1837 | D        | Reached XP level 11. HP: 95/123 MP: 10/10
  1989 | D        | Received a gift from Trog
  2012 | D        | Noticed Rupert
  2019 | D        | Killed Rupert
  2019 | D        | Reached skill level 17 in Maces & Flails
  2031 | D        | Killed a five-headed hydra
  2083 | D        | Noticed an azure jelly
  2083 | D        | Noticed an azure jelly
  2083 | D        | Noticed an azure jelly
  2083 | D        | Noticed an azure jelly
  2085 | D        | Noticed a dire elephant
  2085 | D        | Noticed a dire elephant
  2085 | D        | Noticed Gastronok
  2089 | D        | Killed a dire elephant
  2092 | D        | Killed a dire elephant
  2095 | D        | Reached skill level 18 in Maces & Flails
  2099 | D        | Received a gift from Trog
  2101 | D        | Killed Gastronok
  2184 | D        | Noticed a death yak
  2185 | D        | Noticed a death yak
  2188 | D        | Noticed a death yak
  2189 | D        | Noticed a death yak
  2190 | D        | Killed a death yak
  2194 | D        | Killed a death yak
  2199 | D        | Killed a death yak
  2202 | D        | Reached XP level 12. HP: 133/133 MP: 11/11
  2205 | D        | Killed a death yak
  2205 | D        | Reached skill level 19 in Maces & Flails
  2210 | D        | Received a gift from Trog
  2313 | D        | Noticed a kraken
  2537 | D        | Killed a kraken
  2637 | D        | Noticed an alligator snapping turtle
  2638 | D        | Found Raogenk's Antique Weapon Shoppe.
  2638 | D        | Found Lacvoa Hely's Gadget Boutique.
  2638 | D        | Found Vojar's Distillery.
  2638 | D        | Noticed an alligator snapping turtle
  2662 | D        | Killed an alligator snapping turtle
  2696 | D        | Killed an alligator snapping turtle
  2696 | D        | Received a gift from Trog
  2853 | D        | Got a barnacled rune of Zot
  2861 | D        | Bought a potion of heal wounds for 60 gold pieces
  2861 | D        | Bought a potion of curing for 36 gold pieces
  2861 | D        | Bought a potion of curing for 36 gold pieces
  3001 | D        | Reached skill level 20 in Maces & Flails
  3104 | D        | Noticed Urug
  3112 | D        | Killed Urug
  3442 | D        | Found a blossoming altar of Fedhas.
  3445 | D        | Paralysed by a spriggan for 5 turns
  3452 | D        | Received a gift from Trog
  3454 | D        | Got an iridescent giant club {god gift}
  3455 | D        | Identified the +7 giant club of the Ghost {flame, rElec MR+} (Trog gifted it to you in the Dungeon)
  3491 | D        | Noticed a six-headed hydra
  3499 | D        | Killed a six-headed hydra
  3615 | D        | Got a fine trident
  3792 | D        | Received a gift from Trog
  3805 | D        | Identified the cursed +3 trident of Balance {pierce, Str+2} (You found it in the Dungeon)
  3870 | D        | Received a gift from Trog
  3953 | D        | Found Goidd's Antique Weapon Emporium.
  3953 | D        | Found Kymoasagg's Gadget Shop.
  3953 | D        | Found Wonubic's Antique Weapon Boutique.
  3953 | D        | Found Ilerr's Antique Armour Shoppe.
  3953 | D        | Found Yckisoeck's Weapon Boutique.
  3953 | D        | Found Jasinir's Distillery.
  3953 | D        | Found Noerphusch's Magic Scroll Shoppe.
  3953 | D        | Found Ichochi's Distillery.
  3953 | D        | Found Xorameog's Food Shop.
  3953 | D        | Found Ycwy Ewo's Book Emporium.
  3953 | D        | Found Qocviaf's Jewellery Emporium.
  3953 | D        | Found Xiroror's Gadget Boutique.
  3998 | D        | Bought a runed robe for 201 gold pieces
  4014 | D        | Bought a scroll of remove curse for 36 gold pieces
  4017 | D        | Bought a cloak for 135 gold pieces
  4028 | D        | Bought an uncursed amulet of guardian spirit for 300 gold pieces
  4172 | D        | Reached skill level 1 in Throwing
  4313 | D        | Noticed a centaur warrior
  4319 | D        | Killed a centaur warrior
  4319 | D        | Received a gift from Trog
  4344 | D        | Noticed a centaur warrior
  4348 | D        | Killed a centaur warrior
  4348 | D        | Reached XP level 13. HP: 147/147 MP: 12/12
  4354 | D        | Noticed a fire dragon
  4358 | D        | Killed a fire dragon
  4386 | D        | Reached skill level 21 in Maces & Flails
  4395 | D        | Lost mutation: Your flesh is cold resistant. (rC+) [mutagenic meat]
  4396 | D        | Gained mutation: Your mind is acute. (Int +2) [mutagenic meat]
  4397 | D        | Gained mutation: Your flesh is cold resistant. (rC+) [mutagenic meat]
  4438 | D        | Reached skill level 15 in Fighting
  4438 | D        | Reached skill level 5 in Stealth
  4447 | D        | Got a translucent giant club
  4448 | D        | Identified the +4 giant club of Dismay {freeze, rF- MR+ SInv} (You found it in the Dungeon)
  4489 | D        | Gained mutation: You are highly resistant to hostile enchantments. (MR++) [mutagenic meat]
  4490 | D        | Gained mutation: You are resistant to electric shocks. (rElec) [mutagenic meat]
  4625 | D        | Received a gift from Trog
  4644 | D        | Found Onotefec's Magic Scroll Emporium.
  4644 | D        | Found Odeatonoid's Gadget Shop.
  4644 | D        | Found Vuups's Antique Weapon Shoppe.
  4805 | D        | Noticed the 27-headed Lernaean hydra
  4810 | D        | Killed the 27-headed Lernaean hydra
  4814 | D        | Got a decaying rune of Zot
  5105 | D        | Received a gift from Trog
  5165 | D        | Noticed Mara
  5166 | D        | Noticed a vampire knight
  5166 | D        | Noticed a vampire knight
  5176 | D        | Noticed dvd's illusion
  5176 | D        | Killed a vampire knight
  5180 | D        | HP: 4/231 [dvd's illusion[Mara] (67)]
  5180 | D        | Demolished by dvd's illusion

Vault maps used:
D:        dungeon_sprint_mu

Skill      XL: |  1  2  3  4  5  6  7  8  9 10 11 12 13 |
---------------+----------------------------------------+-----
Maces & Flails | 3 4 5 9 10 12 14 16 18 20 21 | 21.5
Fighting       | 3 4 7 8 9 10 11 12 14 16 | 16.3
Dodging        | 3 4 7 8 9 10 11 12 13 14 | 14.1
Stealth        | 1 3 4 5 |  5.9
Throwing       | 1 2 |  2.3
Evocations     | |  0.4

Action                   |  1- 3 |  4- 6 |  7- 9 | 10-12 | 13-15 || total
-------------------------+-------+-------+-------+-------+-------++-------
Melee: Mace              |    49 |     3 |    53 |       |       ||   105
       Headbutt          |     1 |     1 |    21 |    55 |    20 ||    98
       Giant spiked club |       |       |     1 |       |       ||     1
       Morningstar       |       |       |    34 |       |       ||    34
       Great mace        |       |       |    12 |   231 |    70 ||   313
       Giant club        |       |       |       |    15 |       ||    15
Throw: Stone             |       |       |       |     1 |       ||     1
       Throwing net      |       |       |       |     3 |       ||     3
       Javelin           |       |       |       |       |     1 ||     1
Invok: Berserk           |     2 |     1 |     6 |     9 |     3 ||    21
       Brothers in Arms  |       |       |     2 |    10 |     1 ||    13
       Burn Spellbooks   |       |       |     1 |       |       ||     1
       Trog's Hand       |       |       |       |     2 |       ||     2
Evoke: Box of beasts     |       |       |       |     1 |       ||     1
  Use: Potion            |     4 |       |       |       |     1 ||     5
       Scroll            |       |       |       |    10 |       ||    10
 Stab: Distracted        |       |       |       |     3 |     1 ||     4
       Confused          |       |       |       |     1 |       ||     1
       Sleeping          |       |       |       |     1 |     4 ||     5
       Held in net/web   |       |       |       |     1 |       ||     1
  Eat: Chunk             |     4 |       |    22 |    37 |     6 ||    69
       Meat ration       |       |       |       |       |     1 ||     1
       Royal jelly       |       |       |       |       |     1 ||     1
Armor: Animal skin       |    10 |       |     7 |       |       ||    17
       Robe              |       |       |    10 |    39 |    37 ||    86
Dodge: Dodged            |    21 |       |    70 |   149 |    41 ||   281
